 Dungeon Crawl Stone Soup version 0.28.0-43-g3370ac3207 (webtiles) character file.

Game seed: 15138020483849730791

249 Descartes the Ruffian (level 5, -4/49 (50) HPs)
             Began as a Troll Warper on Mar 1, 2022.
             Slain by Menkaure (13 damage)
             ... on level 4 of the Dungeon.
             The game lasted 00:05:35 (2487 turns).

Descartes the Ruffian (Troll Warper)                Turns: 2487, Time: 00:05:35

HP:   -4/49 (50)    AC:  4    Str: 25    XL:     5   Next: 87%
MP:   7/7           EV: 10    Int:  9    God:
Gold: 113           SH:  0    Dex: 11    Spells: 1/8 levels left

rFire   . . .      SeeInvis .     - Unarmed
rCold   . . .      Faith    .   (no shield)
rNeg    . . .      Spirit   .   a - +0 robe
rPois   .          Reflect  .   (helmet restricted)
rElec   .          Harm     .   (no cloak)
rCorr   .          Rampage  .   (gloves unavailable)
Will    .....                   (boots unavailable)
Stlth   +.........              (no amulet)
HPRegen 0.96/turn               e - +6 ring of strength
MPRegen 0.10/turn               (no ring)

@: lightly drained
A: large, unfitting armour, claws 3, regeneration 1, shaggy fur 1, tough skin 1
a: no special abilities


You were on level 4 of the Dungeon.
You visited 1 branch of the dungeon, and saw 4 of its levels.

You collected 113 gold pieces.

Inventory:

Missiles
 c - 5 boomerangs of dispersal (quivered)
 q - 40 stones
Armour
 a - a +0 robe (worn)
Jewellery
 e - a +6 ring of strength (left claw)
 o - a +6 ring of strength
Wands
 j - a wand of digging (8)
 s - a wand of charming (7)
Scrolls
 b - a scroll of blinking
 f - 2 scrolls of enchant weapon {unknown}
 i - 3 scrolls of identify {unknown}
 m - 2 scrolls of teleportation {unknown}
 r - 2 scrolls of fog {unknown}
 t - a scroll of holy word {unknown}
 u - a scroll of fear {unknown}
Potions
 d - a potion of magic {unknown}
 g - 2 potions of flight {unknown}
 h - a potion of degeneration {unknown}
 k - a potion of cancellation {unknown}
 l - 2 potions of might {unknown}
 n - a potion of haste {unknown}
 p - a potion of berserk rage {unknown}
 v - a potion of curing {unknown}


   Skills:
 + Level 2.5 Fighting
 + Level 2.1 Throwing
 - Level 2.5 Dodging
 + Level 3.0 Unarmed Combat
 + Level 2.0 Spellcasting
 * Level 2.9 Translocations


You had one spell level left.
You knew the following spells:

 Your Spells              Type           Power      Damage    Failure   Level
a - Manifold Assault      Tloc           6%         N/A       95%         5
b - Blink                 Tloc           12%        N/A       16%         2

Your spell library contained the following spells:

 Spells                   Type           Power      Damage    Failure   Level
 Apportation              Tloc           12%        N/A       10%         1
 Gell's Gravitas          Tloc           6%         N/A       30%         3
 Lesser Beckoning         Tloc           6%         N/A       30%         3
 Teleport Other           Tloc           6%         N/A       30%         3
 Inner Flame              Hex/Fire       0%         N/A       69%         3
 Cause Fear               Hex            0%         N/A       97%         4
 Alistair's Intoxication  Tmut/Pois      0%         N/A       100%        5
 Dispersal                Tloc           3%         N/A       100%        6
 Discord                  Hex            0%         N/A       100%        8


Dungeon Overview and Level Annotations

Branches:
Dungeon (4/15)
 Temple: D:4-7

Altars:
Okawaru

Annotations:
D:3 2 transporters, doomsgape's ghost, amateur GrFi
D:4 Dowan; Duvessa; Menkaure


Innate Abilities, Weirdness & Mutations

You are too large for most types of armour.
You have claws for hands.
Your natural rate of healing is unusually fast.
You are covered in fur. (AC +1)
You have tough skin. (AC +1)


Message History

No target in view!
No target in view!
No target in view!
No target in view!
No target in view!
v - an orange potion
Found a stone staircase leading down.
No target in view!
Found a buckler.
i - 3 scrolls labelled MEOWKA WOVOR (gained 1)
An iguana comes into view.
Menkaure and a necrophage come into view.
Found a scroll labelled MEOWKA WOVOR.
Menkaure shouts!
An endoplasm comes into view.
Menkaure gestures wildly while chanting.
Menkaure seems to speed up.
The endoplasm quivers.
You barely miss Menkaure. Menkaure closely misses you.
The iguana barely misses you.
You scratch Menkaure.
Menkaure is lightly damaged.
Menkaure hits you! The iguana barely misses you.
You scratch Menkaure.
Menkaure is moderately damaged.
Menkaure hits you!!
* * * LOW HITPOINT WARNING * * *
The iguana closely misses you. The necrophage hits you.
* * * LOW HITPOINT WARNING * * *
You feel drained.
Menkaure calls on the powers of darkness!
The iguana convulses!
Your body is wracked with pain!
* * * LOW HITPOINT WARNING * * *
The endoplasm convulses!
You claw Menkaure!
Menkaure is severely damaged.
The iguana bites you but does no damage.
Menkaure mumbles a few words.
Menkaure hits you!
You die...

###### ### #....# ...#
#....# #..# #....# #..#
#....# #..# #.M..#
#.####..# #@lJ.#
#.......#######.n..##.
##.#####...........[....
.................>......
...#....###.....##....?.
#....# #.....# ......
##...# #.....# ######
##..# ####### #.†#


You could see a necrophage, Menkaure (fast), an iguana and an endoplasm.

Vanquished Creatures
  Natasha (thrice) (D:2)
  Jessica (D:2)
  Terence (D:2)
  A hound skeleton (D:4)
  2 adders (D:3)
  A dart slug (D:3)
  7 orcs (D:3)
  6 endoplasms
  2 giant cockroaches (D:1)
  5 goblins
  8 hobgoblins
  4 jackals (D:1)
  6 kobolds
  6 quokkas
  7 ball pythons
  5 bats
  5 frilled lizards
  9 rats
79 creatures vanquished.

Notes
Turn   | Place    | Note
-------+----------+-------------------------------------------
     0 | D:1      | Descartes the Troll Warper began the quest for the Orb.
     0 | D:1      | Reached XP level 1. HP: 19/19 MP: 1/1
    71 | D:1      | Reached skill level 1 in Throwing
   184 | D:1      | Reached XP level 2. HP: 18/28 MP: 2/2
   611 | D:1      | Reached XP level 3. HP: 35/35 MP: 4/4
   767 | D:2      | Noticed Natasha
   771 | D:2      | Killed Natasha
   796 | D:2      | Noticed Terence
   803 | D:2      | Killed Terence
   804 | D:2      | Reached XP level 4. HP: 34/42 MP: 5/5
   961 | D:2      | Noticed Jessica
   964 | D:2      | Killed Jessica
   984 | D:2      | Got Jessica's Almanac of the Compass
  1065 | D:2      | Noticed Natasha
  1085 | D:2      | Killed Natasha
  1086 | D:2      | Reached XP level 5. HP: 18/49 MP: 6/6
  1105 | D:2      | Noticed Natasha
  1115 | D:2      | Killed Natasha
  1281 | D:2      | Learned a level 2 spell: Blink
  1287 | D:2      | Learned a level 5 spell: Manifold Assault
  1651 | D:3      | Found a transporter.
  1651 | D:3      | Noticed doomsgape's ghost (amateur GrFi)
  1651 | D:3      | Noticed an ogre
  1654 | D:3      | Noticed an ogre
  1660 | D:3      | Found a transporter.
  1855 | D:3      | Reached skill level 3 in Unarmed Combat
  2210 | D:3      | Found an iron altar of Okawaru.
  2368 | D:4      | Noticed Duvessa
  2370 | D:4      | Noticed Dowan
  2481 | D:4      | Noticed Menkaure
  2481 | D:4      | Noticed a necrophage
  2487 | D:4      | Slain by Menkaure

Illustrated notes

Levels and vault maps discovered:
D:1:      minmay_arrival_up_and_down, layout_loops_ring
D:2:      layout_loops_cross, kennysheep_jessica_study, uniq_terence,
          uniq_natasha
D:3:      layout_basic, mainiacjoe_overflow_alcove_4, gammafunk_ghost_smash
D:4:      layout_basic, marbit_many_paths, nicolae_overflow_crystal_walls,
          minmay_temple_entry_proselytizer, uniq_duvessa, uniq_menkaure

Skill      XL: |  1  2  3  4  5 |
---------------+----------------+-----
Throwing       | 1 2 |  2.1
Dodging        | 2 |  2.5
Fighting       | 2 |  2.5
Unarmed Combat | 3 |  3.0
Spellcasting   | 2 |  2.0
Translocations | |  2.9

Action                   |  1- 3 |  4- 6 || total
-------------------------+-------+-------++-------
Melee: Unarmed           |    96 |   155 ||   251
       Punch             |     2 |       ||     2
 Stab: Sleeping          |     1 |     1 ||     2
Armor: Robe              |    30 |    35 ||    65
Dodge: Dodged            |    47 |    66 ||   113
